 Dungeon Crawl Stone Soup version 0.32-a0-673-g3729bd50f8 (webtiles) character file.

Game seed: 16933474003272151851

675 cforsyth the Scholar of Death (level 7, -1/61 HPs)
             Began as a Mountain Dwarf Necromancer on Mar 11, 2024.
             Was a Follower of Kikubaaqudgha.
             Slain by a black bear (7 damage)
             ... on level 5 of the Dungeon.
             The game lasted 00:08:20 (5428 turns).

cforsyth the Scholar of Death (MDNe)                Turns: 5428, Time: 00:08:20

Health: -1/61      AC:  7    Str: 12    XL:     7   Next: 33%
Magic:  4/9        EV:  9    Int: 22    God:    Kikubaaqudgha [*.....]
Gold:   340        SH:  0    Dex: 10    Spells: 4/9 levels left

rFire   . . .        s - +1 spear (freeze)
rCold   . . .        (no shield)
rNeg    . . .        p - +0 scale mail
rPois   +            (no helmet)
rElec   .            (no cloak)
rCorr   .            k - +0 pair of gloves
SInv    .            (no boots)
Will    .....        (no amulet) Stlth
                     I - +6 ring of intelligence
HPRegen 0.30/turn    P - ring of poison resistance
MPRegen 0.11/turn

%: no passive effects
@: no status effects
A: runic magic, artefact enchanting
a: Renounce Religion, Unearth Wretches


You were on level 5 of the Dungeon.
You worshipped Kikubaaqudgha.
Kikubaaqudgha was aware of your devotion.
You visited 2 branches of the dungeon, and saw 6 of its levels.

You collected 340 gold pieces.


Innate Abilities, Weirdness & Mutations

Your spellcasting is much less encumbered by armour.
You can use scrolls of enchantment on lesser artefacts.


   Skills:
 + Level 5.6 Fighting
 + Level 2.1 Axes
 + Level 2.0 Armour
 - Level 1.3 Dodging
 - Level 1.4 Stealth
 - Level 1.7 Spellcasting
 + Level 7.3 Necromancy


You had 4 spell levels left.
You knew the following spells:

 Your Spells              Type           Power      Damage    Failure   Level
a - Animate Dead          Necr           34%        N/A       11%         4
X - Necrotise             Necr           100%       1d9       1%          1

Your spell library contained the following spells:

 Spells                   Type           Power      Damage    Failure   Level
 Sublimation of Blood     Necr           34%        N/A       1%          2
 Vampiric Draining        Necr           34%        2d8       3%          3
 Cigotuvi's Dreadful Rot  Necr/Alch/Air  24%        N/A       12%         2
 Magic Dart               Conj           4%         1d3       22%         1
 Sting                    Conj/Alch      4%         1d3       22%         1
 Blink                    Tloc           2%         N/A       32%         2
 Call Imp                 Summ           2%         N/A       32%         2
 Mercury Vapours          Alch/Air       2%         N/A       32%         2
 Olgreb's Toxic Radiance  Alch           1%         N/A       91%         4
 Curse of Agony           Necr           34%        N/A       30%         5

Inventory:

Hand Weapons
 q - a +0 whip
 s - a +1 spear of freezing (weapon)
Missiles
 r - a throwing net {=f}
Armour
 a - a +0 robe
 k - a +0 pair of gloves (worn)
 p - a +0 scale mail (worn)
Magical Staves
 m - a staff of conjuration {!a}
 v - a staff of death {!a}
Jewellery
 C - a ring of ice
 E - a +5 ring of evasion
 I - a +6 ring of intelligence (left hand)
 P - a ring of poison resistance (right hand)
Scrolls
 e - a scroll of fog {unknown}
 h - 4 scrolls of identify {unknown}
 i - a scroll of teleportation {@r2}
 n - a scroll of poison {unknown}
 o - a scroll of amnesia {unknown}
 u - a scroll of enchant weapon {unknown}
Potions
 b - a potion of magic
 c - a potion of cancellation {unknown}
 d - a potion of resistance {unknown}
 f - 2 potions of haste {unknown}
 g - a potion of heal wounds {unknown}
 j - 3 potions of degeneration {unknown}
 l - 2 potions of ambrosia {unknown}
 t - 3 potions of invisibility {unknown}

Dungeon Overview and Level Annotations

Branches:
Dungeon (5/15)             Temple (1/1) D:4

Altars:
Ashenzari
Cheibriados
Dithmenos
Elyvilon
Fedhas
Gozag
Hepliaklqana
Kikubaaqudgha
Makhleb
Nemelex Xobeh
Okawaru
Qazlal
Ru
Trog
Uskayaw
Vehumet
Xom
Yredelemnul
Zin
The Shining One

Annotations:
D:4 Dowan, Duvessa

.### #.##.#.# ......
########.##.#.##......
##..........#.##......
##.##########.......
#.# ##.... .. #.#
#..####.# #.#
##..#....# #.##
#..h#.# #..#
#.#@#....# ##.###
##.#h# #.# #...#
#..#..
###.#######.##.##
#.........##.#
########.##..# #.# .##
#.. # ####


You could see a black bear (berserk) and a jackal.


Message History

Aiming: Necrotise (safe; 1% risk of failure)
Press: ? - help, Shift-Dir - straight line, f/p - black bear
Aim: a black bear (severely wounded, berserk, chance to affect: 83%)
The black bear writhes in agony.
The black bear misses you. The black bear barely misses you.
The black bear claws you but does no damage.
The jackal bites you but does no damage.
The black bear bites you.
* * * LOW HITPOINT WARNING * * *
The black bear claws you but does no damage.
The black bear barely misses you.
Casting: Necrotise (safe; 1% risk of failure)
Confirm with . or Enter, or press ? or * to list all spells.
Aiming: Necrotise (safe; 1% risk of failure)
Press: ? - help, Shift-Dir - straight line, f/p - black bear
Aim: a black bear (almost dead, berserk, chance to affect: 83%)
The black bear writhes in agony.
The black bear bites you!
* * * LOW HITPOINT WARNING * * *
The black bear claws you.
* * * LOW HITPOINT WARNING * * *
The black bear claws you but does no damage.
The jackal bites you but does no damage.
Casting: Necrotise (safe; 1% risk of failure)
Confirm with . or Enter, or press ? or * to list all spells.
Aiming: Necrotise (safe; 1% risk of failure)
Press: ? - help, Shift-Dir - straight line, f/p - black bear
Aim: a black bear (almost dead, berserk, chance to affect: 83%)
The black bear writhes in agony.
The black bear bites you!
You die...
Kikubaaqudgha rasps: You have failed me!
Welcome... death!

Skill      XL: |  1  2  3  4  5  6  7 |
---------------+----------------------+-----
Fighting       | 1 2 3 4 5 |  5.6
Necromancy     | 5 6 7 |  7.3
Axes           | 1 2 |  2.1
Armour         | 1 2 |  2.0
Dodging        | |  1.3
Stealth        | |  1.4
Spellcasting   | |  1.7

Action                     |  1- 3 |  4- 6 |  7- 9 || total
---------------------------+-------+-------+-------++-------
  Melee: Unarmed           |     2 |    24 |       ||    26
         Spear             |       |    86 |    25 ||   111
         Whip              |       |     6 |       ||     6
   Cast: Necrotise         |    45 |   108 |    19 ||   172
  Evoke: Wand              |       |     4 |       ||     4
    Use: Scroll            |       |     1 |       ||     1
         Potion            |       |     2 |       ||     2
 Armour: Robe              |     5 |     8 |       ||    13
         Scale mail        |       |   176 |    41 ||   217
  Dodge: Dodged            |    11 |   112 |    22 ||   145

Levels and vault maps discovered:
D:1:      minmay_arrival_three_doors, layout_basic,
          shapermc_ecumenical_altar_ellora
D:2:      layout_loops_cross, minmay_parallelograms, st_stairs_6, uniq_jessica
D:3:      layout_basic, zin_statuary, gammafunk_temple_overflow_statue,
          kennysheep_doodads, kennysheep_big_empty_room
D:4:      layout_basic, amcnicky_altar_gilded,
          minmay_temple_entry_statues_fountains, uniq_duvessa
D:5:      lemuel_castle_with_subvaults [lemuel_castle_interior_carwin_3],
          layout_rooms, tgw_kikubaaqudgha, kennysheep_little_box,
          serial_co_window_serial, co_window_paths_a,
          co_window_of_opportunity_a, co_window_corner_a, co_window_paths_a,
          co_window_corner_a, co_window_paths_a, co_window_paths_a,
          co_window_2corner, co_window_2corner, co_window_unsneaky_path_a,
          co_window_broadway_c, glass_columns_a, glass_columns_a,
          glass_columns_a, glass_columns_c
Temple:   nicolae_temple_two_arcs

Notes
Turn   | Place    | Note
-------+----------+-------------------------------------------
     0 | D:1      | cforsyth the Mountain Dwarf Necromancer began the quest for
                  | the Orb.
     0 | D:1      | Reached XP level 1. HP: 14/14 MP: 3/3
    10 | D:1      | You fall into a shaft and drop 1 floor!
   116 | D:2      | Noticed Jessica
   175 | D:2      | Reached skill level 1 in Fighting
   248 | D:1      | Reached XP level 2. HP: 23/23 MP: 2/4
   852 | D:1      | Found a faded altar of an unknown god.
  1270 | D:2      | Reached skill level 2 in Fighting
  1343 | D:2      | Reached skill level 5 in Necromancy
  1343 | D:2      | Reached XP level 3. HP: 29/29 MP: 3/5
  1566 | D:2      | Killed Jessica
  1644 | D:2      | Reached XP level 4. HP: 36/37 MP: 0/6
  2107 | D:3      | Reached skill level 3 in Fighting
  2220 | D:3      | Found a glowing silver altar of Zin.
  2471 | D:3      | Found a snail-covered altar of Cheibriados.
  2472 | D:3      | Found a radiant altar of Vehumet.
  2911 | D:4      | Found a burning altar of Makhleb.
  3110 | D:4      | Noticed Duvessa
  3117 | D:4      | Noticed Dowan
  3124 | D:5      | Entered Level 5 of the Dungeon
  3124 | D:5      | Noticed a phantom
  3128 | D:5      | Found an ancient bone altar of Kikubaaqudgha.
  3128 | D:5      | Noticed a human
  3131 | D:5      | Became a worshipper of Kikubaaqudgha
  3135 | D:5      | Killed a human
  3255 | D:5      | Reached XP level 5. HP: 45/45 MP: 1/7
  3356 | D:5      | Reached skill level 6 in Necromancy
  3603 | D:5      | Reached skill level 4 in Fighting
  3604 | D:5      | HP: 3/46 [howler monkey (3)]
  3618 | D:5      | Reached XP level 6. HP: 7/53 MP: 5/8
  4181 | D:4      | Reached * piety under Kikubaaqudgha
  4181 | D:4      | Received a gift from Kikubaaqudgha
  4327 | D:4      | Reached skill level 5 in Fighting
  4628 | D:4      | Found a staircase to the Ecumenical Temple.
  4639 | Temple   | Entered the Ecumenical Temple
  4816 | D:5      | Reached skill level 7 in Necromancy
  4898 | D:5      | Reached skill level 1 in Axes
  4977 | D:5      | Found a shimmering altar of Xom.
  5011 | D:5      | Reached skill level 1 in Armour
  5011 | D:5      | Reached XP level 7. HP: 44/61 MP: 9/9
  5169 | D:5      | Reached skill level 2 in Axes
  5169 | D:5      | Reached skill level 2 in Armour
  5174 | D:5      | Learned a level 4 spell: Animate Dead
  5427 | D:5      | HP: 6/61 [black bear (3)]
  5428 | D:5      | Slain by a black bear

Vanquished Creatures
  A phantom (D:5)
  4 howler monkeys (D:5)
  3 hounds
  Jessica (D:2)
  3 iguanas
  5 adders
  4 gnolls (D:5)
  2 ufetubi
  6 dart slugs
  A ribbon worm (D:5)
  7 orcs
  7 ball pythons
  4 endoplasms
  3 giant cockroaches (D:4)
  4 goblins
  6 hobgoblins
  12 jackals
  6 quokkas
  2 bats
  4 frilled lizards
  3 kobolds
  6 rats
94 creatures vanquished.

Vanquished Creatures (collateral kills)
  A howler monkey (D:5)
  A dart slug (D:4)
  An orc (D:5)
  A ball python (D:1)
  An endoplasm (D:2)
  3 jackals
  A rat (D:3)
9 creatures vanquished.

Vanquished Creatures (others)
  A human (D:5)
1 creature vanquished.

Grand Total: 104 creatures vanquished

Table legend: (Time is in decaauts)
 A = Elapsed time spent in this place.
 B = Non-inter-level travel time spent in this place.
 C = Inter-level travel time spent in this place.
 D = Time resting spent in this place.
 E = Time spent auto-exploring this place.
 F = Levels seen in this place.
 G = Mean time per level.
                   A        B        C        D        E       F      G
               +--------+--------+--------+--------+--------+-----+--------+
         Total |   5442 |   5253 |    189 |    381 |   3963 |   6 |  907.0 |
       Dungeon |   5440 |   5251 |    189 |    381 |   3963 |   5 | 1088.0 |
        Temple |      1 |      1 |      0 |      0 |      0 |   1 |    1.0 |
               +--------+--------+--------+--------+--------+-----+--------+

Top non-repeatable levels by time:
     D:5: 1494 daAuts
     D:2: 1121 daAuts
     D:1: 994 daAuts
     D:4: 957 daAuts
     D:3: 873 daAuts
  Temple: 1 daAuts

Table legend:
 A = Non-vault XP
 B = Vault XP
 C = Vault XP percentage of total XP
 D = Non-vault monster count
 E = Vault monster count
 F = Vault count percentage of total count
                 A         B        C        D         E       F
            +---------+---------+-------+---------+---------+-------
      Total |     733 |     232 |  24.0 |      87 |      16 |  15.5
            +---------+---------+-------+---------+---------+-------
        D:1 |      26 |       0 |   0.0 |      15 |       0 |   0.0
        D:2 |      46 |      41 |  47.1 |      18 |       2 |  10.0
        D:3 |      39 |       0 |   0.0 |      11 |       0 |   0.0
        D:4 |     155 |       0 |   0.0 |      27 |       0 |   0.0
        D:5 |     467 |     191 |  29.0 |      16 |      14 |  46.7
            +---------+---------+-------+---------+---------+-------
